 Dungeon Crawl Stone Soup version 0.20.1-1-g8b1a95d (webtiles) character file.

71869 sverre the Severer (level 14, -13/143 HPs)
             Began as a Minotaur Berserker on Aug 22, 2017.
             Was the Champion of Trog.
             Mangled by a shock serpent (14 damage)
             ... on level 2 of the Snake Pit.
             The game lasted 01:47:09 (18290 turns).

sverre the Severer (Minotaur Berserker)            Turns: 18290, Time: 01:47:09

Health: -13/143    AC: 19    Str: 23    XL:     14   Next: 99%
Magic:  11/11      EV: 13    Int:  5    God:    Trog [******]
Gold:   364        SH:  0    Dex: 13    Spells: 13/13 levels left

rFire    . . .     SeeInvis +   a - +8 executioner's axe (elec)
rCold    + . .     Gourm    .   (shield currently unavailable)
rNeg     . . .     Faith    .   t - +1 chain mail {rC+}
rPois    +         Spirit   .   M - +0 mask of the Dragon {MR+ Slay+3 SInv}
rElec    .         Reflect  .   q - +2 cloak
rCorr    +         Harm     .   (no gloves)
MR       ++...                  Z - +0 pair of boots
Stlth    ..........             H - amulet of regeneration
Regen    0.8/turn               m - ring of resist corrosion
MPRegen  0.2/turn               (no ring)

@: studying Throwing
A: retaliatory headbutt, horns 2, low mp 1, poison resistance, robust 1
a: Berserk, Trog's Hand, Brothers in Arms, Burn Spellbooks, Renounce Religion


You were on level 2 of the Snake Pit.
You worshipped Trog.
Trog was exalted by your worship.
You were not hungry.

You visited 4 branches of the dungeon, and saw 20 of its levels.

You collected 2095 gold pieces.
You spent 1731 gold pieces at shops.

Inventory:

Hand Weapons
 a - a +8 executioner's axe of electrocution (weapon)
 v - a +3 antimagic executioner's axe
Missiles
 e - 28 tomahawks (quivered)
 f - 625 stones
Armour
 q - a +2 cloak (worn)
 t - a +1 chain mail of cold resistance (worn)
 M - the +0 mask of the Dragon (worn) {MR+ Slay+3 SInv}
   (You found it on level 5 of the Lair of Beasts)

   It affects your accuracy and damage with ranged weapons and melee attacks
   (+3).
   It affects your resistance to hostile enchantments.
   It lets you see invisible.
 Z - a +0 pair of boots (worn)
Jewellery
 m - a ring of resist corrosion (left hand)
 H - an amulet of regeneration (around neck)
 J - an uncursed ring of fire
Wands
 d - a wand of clouds (5/9)
 B - a wand of iceblast (10/15)
 N - a wand of iceblast (5/15)
 P - a wand of random effects (23/48)
 Q - a wand of polymorph (17/24)
 S - a wand of lightning (6/15)
 T - a wand of enslavement (7/24)
 U - a wand of digging (8/24)
 W - a wand of disintegration (5/24)
 X - a wand of paralysis (20/24)
Scrolls
 b - 4 scrolls of identify
 n - 4 scrolls of fog
 o - 5 scrolls of remove curse
 w - 2 scrolls of blinking {unknown}
 x - 12 scrolls of teleportation
 y - 2 scrolls of amnesia {unknown}
 F - 2 scrolls of magic mapping {unknown}
 R - a scroll of torment {unknown}
Potions
 g - 5 potions of curing
 h - 3 potions of cancellation
 k - 4 potions of lignification
 p - a potion of degeneration {unknown}
 r - 2 potions of agility
 s - 2 potions of might
 u - 7 potions of haste
 z - 2 potions of ambrosia
 C - a potion of berserk rage {unknown}
 D - 3 potions of flight
 E - a potion of heal wounds {unknown}
 G - 4 potions of mutation
 I - 2 potions of resistance {unknown}
 L - a potion of magic {unknown}
 V - a potion of brilliance {unknown}
Books
 i - a manual of Throwing
Miscellaneous
 j - a fan of gales
 K - a lightning rod (4/4)
Comestibles
 c - 9 bread rations
 l - 7 meat rations
 A - 11 royal jellies
 O - 23 fruits


   Skills:
 - Level 13.7 Fighting
 - Level 20.9 Axes
 + Level 9.2 Throwing
 - Level 13.7 Armour
 - Level 8.7 Dodging


You had 13 spell levels left.
You didn't know any spells.

Dungeon Overview and Level Annotations

Branches:
Dungeon (10/15)            Temple (0/1) D:4            Lair (6/6) D:10
  Swamp (0/4) Lair:4        Snake (2/4) Lair:2        Slime (0/5) Lair:6
    Orc (2/2) D:9             Elf (0/3) Orc:2

Altars:
Elyvilon
Fedhas
Hepliaklqana
Makhleb
Sif Muna
Trog
Uskayaw
Vehumet
Yredelemnul
Zin
Jiyva

Shops:
D:4 ?   D:7 *   D:10 [   Orc:2 %:%%


Innate Abilities, Weirdness & Mutations

You reflexively headbutt those who attack you in melee.
You have a pair of horns on your head.
Your magical capacity is low. (-10% MP)
Your system is resistant to poisons. (rPois)
You are robust. (+10% HP)


Message History

The shock serpent is severely wounded.
The shock serpent bites you! The shock serpent shocks you!
You barely miss the shock serpent.
The shock serpent is severely wounded.
The shock serpent shoots out a bolt of lightning at you!
The bolt of electricity hits you! x2
* * * LOW HITPOINT WARNING * * *
The shock serpent barely misses you.
You closely miss the shock serpent. You headbutt the shock serpent.
The shock serpent is severely wounded.
The shock serpent bites you!
* * * LOW HITPOINT WARNING * * *
The shock serpent shocks you!
* * * LOW HITPOINT WARNING * * *
You feel better. The shock serpent bites you!
* * * LOW HITPOINT WARNING * * *
The shock serpent shocks you!
* * * LOW HITPOINT WARNING * * *
The shock serpent bites you!
You die...

## #.. ... ...
######.# #......#
#..NS..# ###..@...#
###########...†..#.#
##.#.#..#..#.#..###
...#.#.......##....
...#.#..##....###....
.....#...#............
...###...#....#......#
.>.#....##....##..#.##
...#....#......#..#..


You could see a shock serpent and a naga.

Vanquished Creatures
  Rupert (Lair:6)
  Gastronok (D:8)
  Josephine (Orc:2)
  3 hydras
  An anaconda (Snake:1)
  A naga warrior (Snake:1)
  A catoblepas (Lair:6)
  6 two-headed ogres
  5 death yaks (Lair:6)
  A deep troll shaman (Lair:6)
  Urug (Lair:2)
  2 shock serpents (Snake:1)
  4 orc high priests (Orc:2)
  A naga sharpshooter (Snake:1)
  A salamander mystic (Snake:1)
  Pikel (D:4)
  A lindwurm (Lair:6)
  3 mana vipers (Snake:1)
  2 orc knights
  A cyclops (Orc:1)
  5 orc sorcerers
  8 elephants (Lair:6)
  3 black mambas
  A torpor snail (Lair:5)
  8 spiny frogs
  6 naga magi
  5 rime drakes
  7 komodo dragons
  2 trolls
  A polar bear (Lair:6)
  28 blink frogs
  Prince Ribbit (D:8)
  3 hornets (Lair:4)
  7 dream sheep (Lair:6)
  13 hippogriffs
  Sigmund (D:6)
  3 wraiths (Orc:2)
  12 spriggans (Lair:4)
  A wyvern (Lair:2)
  16 yaks
  2 basilisks (Lair:3)
  A hungry ghost (D:10)
  Eustachio (D:6)
  4 vampire mosquitoes (Lair:4)
  Edmund (D:4)
  19 nagas
  5 wargs
  11 water moccasins
  11 porcupines
  24 orc warriors
  6 ice beasts
  2 sky beasts
  2 black bears
  An eye of draining (D:10)
  3 boggarts (Lair:4)
  5 ogres
  A necrophage (D:8)
  16 wolves
  17 crocodiles
  3 centaurs
  A big kobold (D:9)
  15 bullfrogs
  6 scorpions
  14 wights
  The ghost of dscm the Chopper, a weakling GrGl (D:3)
  8 howler monkeys
  3 crimson imps (D:10)
  A bullfrog zombie (D:4)
  2 centaur zombies
  11 hounds
  2 quasits
  2 jellies
  28 orc priests
  33 orc wizards
  Crazy Yiuf (D:2)
  2 iguanas
  4 worker ants
  3 hound skeletons
  7 gnolls
  10 adders
  A shadow imp (D:8)
  3 adder skeletons
  An adder zombie (D:9)
  3 worms
  2 dart slugs
  6 leopard geckos
  86 orcs
  7 bats
  A giant cockroach (D:1)
  5 goblins
  3 hobgoblins
  17 jackals
  4 quokkas
  5 frilled lizards
  A jackal zombie (D:9)
  17 kobolds
  A quokka skeleton (D:5)
  5 rats
  A spectral orc (D:4)
  A bush (Lair:6)
  A butterfly (Lair:1)
  8 fungi
  6 plants (Lair:6)
643 creatures vanquished.

Vanquished Creatures (collateral kills)
  A hydra (Lair:6)
  A spiny frog (Lair:6)
  A polar bear (Lair:6)
  A black bear (Lair:6)
4 creatures vanquished.

Vanquished Creatures (others)
  An orc (Orc:2)
  A quokka (D:7)
  6 fungi
  2 plants
10 creatures vanquished.

Grand Total: 657 creatures vanquished

Notes
Turn   | Place    | Note
-------+----------+-------------------------------------------
     0 | D:1      | sverre the Minotaur Berserker began the quest for the Orb.
     0 | D:1      | Reached XP level 1. HP: 19/19 MP: 0/0
    52 | D:1      | Reached skill level 4 in Axes
   214 | D:1      | Reached XP level 2. HP: 26/26 MP: 1/1
   513 | D:1      | Reached skill level 5 in Axes
   644 | D:1      | Reached XP level 3. HP: 31/31 MP: 2/2
   814 | D:1      | Reached ** piety under Trog
  1063 | D:2      | Found a bloodstained altar of Trog.
  1322 | D:2      | Found a runed door.
  1326 | D:2      | Noticed Crazy Yiuf
  1330 | D:2      | Killed Crazy Yiuf
  1330 | D:2      | Reached skill level 6 in Axes
  1330 | D:2      | Reached XP level 4. HP: 39/39 MP: 3/3
  1368 | D:3      | Noticed a dagger
  1368 | D:3      | Found a hide-covered altar of Uskayaw.
  1368 | D:3      | Noticed a dagger
  1380 | D:3      | Noticed dscm's ghost (weakling GrGl)
  1416 | D:3      | Killed dscm's ghost
  1691 | D:3      | Reached XP level 5. HP: 44/45 MP: 4/4
  1702 | D:3      | Reached skill level 7 in Axes
  2000 | D:4      | Reached skill level 8 in Axes
  2025 | D:4      | Found Iseiper's Magic Scroll Emporium.
  2033 | D:4      | Bought a scroll of remove curse for 36 gold pieces
  2033 | D:4      | Bought a scroll of remove curse for 36 gold pieces
  2062 | D:4      | Reached XP level 6. HP: 41/51 MP: 5/5
  2070 | D:4      | Found a blossoming altar of Fedhas.
  2124 | D:4      | Found a staircase to the Ecumenical Temple.
  2277 | D:4      | Found a glowing silver altar of Zin.
  2387 | D:4      | Noticed Edmund
  2414 | D:4      | Killed Edmund
  2414 | D:4      | Reached *** piety under Trog
  2414 | D:4      | Reached skill level 9 in Axes
  2500 | D:4      | Reached XP level 7. HP: 56/57 MP: 6/6
  2525 | D:4      | Noticed Pikel
  2541 | D:4      | Killed Pikel
  2541 | D:4      | Reached skill level 11 in Axes
  2613 | D:4      | Reached XP level 8. HP: 48/64 MP: 7/7
  2628 | D:4      | Found a basalt altar of Yredelemnul.
  2662 | D:5      | Entered Level 5 of the Dungeon
  2974 | D:5      | Reached skill level 12 in Axes
  3174 | D:5      | Found a radiant altar of Vehumet.
  3350 | D:6      | Received a gift from Trog
  3529 | D:6      | Found a hazy altar of Hepliaklqana.
  3682 | D:6      | Reached skill level 13 in Axes
  3851 | D:6      | Noticed Eustachio
  3869 | D:6      | Killed Eustachio
  3899 | D:6      | Got a crystal war axe
  3900 | D:6      | Identified the +6 war axe of Ruination {chop, Int+4} (You found it on level 6 of the Dungeon)
  3904 | D:6      | Noticed Sigmund
  3908 | D:6      | Killed Sigmund
  3908 | D:6      | Reached XP level 9. HP: 71/71 MP: 8/8
  4084 | D:7      | Reached skill level 14 in Axes
  4146 | D:7      | Reached **** piety under Trog
  4224 | D:7      | Found Jakk's Sacrilege Store.
  4229 | D:7      | Found a hide-covered altar of Uskayaw.
  4229 | D:7      | Found a burning altar of Makhleb.
  4255 | D:7      | Noticed a two-headed ogre
  4311 | D:7      | Killed a two-headed ogre
  4311 | D:7      | Reached skill level 5 in Fighting
  4503 | D:7      | Found a white marble altar of Elyvilon.
  4611 | D:7      | Reached skill level 15 in Axes
  4631 | D:7      | Reached skill level 5 in Armour
  5459 | D:8      | Noticed a two-headed ogre
  5461 | D:8      | Reached XP level 10. HP: 83/83 MP: 9/9
  5465 | D:8      | Killed a two-headed ogre
  5581 | D:8      | Gained mutation: Your system is resistant to poisons. (rPois) [mutagenic meat]
  5582 | D:8      | Gained mutation: Your magical capacity is low. (-10% MP) [mutagenic meat]
  5583 | D:8      | Gained mutation: You are robust. (+10% HP) [mutagenic meat]
  5632 | D:8      | Noticed Gastronok
  5662 | D:8      | Killed Gastronok
  5662 | D:8      | Reached skill level 16 in Axes
  5692 | D:8      | Reached ***** piety under Trog
  5983 | D:8      | Found a deep blue altar of Sif Muna.
  6070 | D:8      | Noticed Prince Ribbit
  6077 | D:8      | Killed Prince Ribbit
  6089 | D:8      | Noticed a two-headed ogre
  6094 | D:8      | Killed a two-headed ogre
  6094 | D:8      | Reached XP level 11. HP: 70/103 MP: 8/8
  6380 | D:9      | Noticed a two-headed ogre
  6392 | D:9      | Killed a two-headed ogre
  7098 | D:9      | Found a staircase to the Orcish Mines.
  7121 | D:9      | Noticed a two-headed ogre
  7124 | D:9      | Killed a two-headed ogre
  7124 | D:9      | Reached skill level 17 in Axes
  7329 | D:10     | Entered Level 10 of the Dungeon
  7393 | D:10     | Found a staircase to the Lair.
  7438 | D:10     | Received a gift from Trog
  7621 | D:10     | Noticed a two-headed ogre
  7628 | D:10     | Killed a two-headed ogre
  7956 | D:10     | Found Yshroopi's Armour Boutique.
  8003 | Lair:1   | Entered Level 1 of the Lair of Beasts
  8127 | Lair:1   | Reached skill level 10 in Fighting
  8282 | Lair:1   | Reached XP level 12. HP: 93/115 MP: 9/9
  8379 | Lair:1   | Reached skill level 10 in Armour
  8401 | Lair:1   | HP: 1/172 [komodo dragon (22)]
  9274 | D:4      | Bought a scroll of enchant weapon for 90 gold pieces
  9274 | D:4      | Bought a scroll of identify for 24 gold pieces
  9591 | Lair:2   | Reached skill level 5 in Dodging
  9596 | Lair:2   | Received a gift from Trog
  9995 | Lair:2   | Reached skill level 18 in Axes
 10364 | Lair:2   | Noticed Urug
 10376 | Lair:2   | Killed Urug
 10511 | Lair:2   | Found a staircase to the Snake Pit.
 11143 | Lair:3   | Noticed an eight-headed hydra
 11206 | Lair:2   | Killed a 12-headed hydra
 11725 | Lair:3   | Reached XP level 13. HP: 116/126 MP: 10/10
 12000 | Lair:4   | Reached skill level 19 in Axes
 12035 | Lair:4   | Found a staircase to the Swamp.
 12090 | Lair:4   | Received a gift from Trog
 12670 | Lair:4   | Got a twisted buckler
 12671 | Lair:4   | Identified the +3 buckler of the Blizzard {rC- MR+ rCorr Int+7} (You found it on level 4 of the Lair of Beasts)
 13942 | Lair:6   | Entered Level 6 of the Lair of Beasts
 14249 | Lair:6   | Noticed Rupert
 14264 | Lair:6   | Killed Rupert
 14264 | Lair:6   | Reached skill level 20 in Axes
 14426 | Lair:6   | Found a viscous altar of Jiyva.
 14426 | Lair:6   | Found a staircase to the Slime Pits.
 14506 | Lair:6   | Reached XP level 14. HP: 122/138 MP: 11/11
 14561 | Lair:6   | Reached ****** piety under Trog
 14759 | Lair:6   | Got an ivory war axe
 14760 | Lair:6   | Identified the +3 war axe of the Throat {venom, rPois} (You found it on level 6 of the Lair of Beasts)
 15168 | Orc:1    | Entered Level 1 of the Orcish Mines
 15261 | Orc:2    | Entered Level 2 of the Orcish Mines
 15261 | Orc:2    | Found a staircase to the Elven Halls.
 15721 | Orc:2    | Received a gift from Trog
 15748 | Orc:2    | Got a crude hunting sling {god gift}
 15750 | Orc:2    | Identified the +2 hunting sling of Havoc {freeze, Int+3} (Trog gifted it to you on level 2 of the Orcish Mines)
 16279 | Orc:2    | Found Sanle's Food Shoppe.
 16280 | Orc:2    | Found Ihayps's Book Shoppe.
 16281 | Orc:2    | Found Getwokos's Food Emporium.
 16284 | Orc:2    | Found Fenkuhyme's Food Emporium.
 16494 | Orc:1    | Noticed Josephine
 16499 | Orc:2    | Killed Josephine
 16740 | Orc:1    | Received a gift from Trog
 17079 | Orc:2    | Bought a manual of Throwing for 1545 gold pieces
 17217 | Snake:1  | Entered Level 1 of the Snake Pit
 17222 | Snake:1  | Reached skill level 1 in Throwing
 17498 | Snake:1  | Reached skill level 5 in Throwing
 18290 | Snake:2  | HP: 1/143 [shock serpent (13)]
 18290 | Snake:2  | Mangled by a shock serpent

Skill      XL: |  1  2  3  4  5  6  7  8  9 10 11 12 13 14 |
---------------+-------------------------------------------+-----
Axes           | 4 5 6 8 9 11 13 15 16 17 18 20 | 20.9
Armour         | 5 8 9 11 12 13 | 13.7
Fighting       | 5 8 10 11 12 13 | 13.7
Dodging        | 4 6 8 |  8.7
Throwing       | 9 |  9.2

Action                   |  1- 3 |  4- 6 |  7- 9 | 10-12 | 13-15 || total
-------------------------+-------+-------+-------+-------+-------++-------
Melee: Hand axe          |   114 |   144 |    94 |       |       ||   352
       Headbutt          |    24 |    31 |    54 |   109 |   104 ||   322
       War axe           |       |       |   144 |    42 |     2 ||   188
       Battleaxe         |       |       |       |   569 |    46 ||   615
       Broad axe         |       |       |       |     3 |       ||     3
       Executioner's axe |       |       |       |       |   497 ||   497
Throw: Tomahawk          |       |       |       |     1 |       ||     1
Invok: Berserk           |     1 |     2 |     2 |     3 |     2 ||    10
       Trog's Hand       |       |       |     1 |     3 |       ||     4
       Burn Spellbooks   |       |       |     1 |     1 |     1 ||     3
       Brothers in Arms  |       |       |       |       |     1 ||     1
  Use: Scroll            |       |     5 |     1 |    10 |     9 ||    25
       Potion            |       |       |       |       |     1 ||     1
 Stab: Distracted        |       |       |       |       |     1 ||     1
       Petrifying        |       |       |       |       |     1 ||     1
  Eat: Chunk             |     1 |     7 |    11 |    29 |    21 ||    69
       Meat ration       |       |       |       |       |     1 ||     1
Armor: Animal skin       |     6 |       |       |       |       ||     6
       Plate armour      |    30 |   102 |   113 |   309 |   167 ||   721
       Chain mail        |       |       |       |       |   125 ||   125
Dodge: Dodged            |    33 |    49 |    55 |   216 |   310 ||   663
